[Event "10th Norway Chess Blitz 2022"]
[Site "Stavanger"]
[Date "2022.05.30"]
[Round "1.1"]
[White "Radjabov, Teimour"]
[Black "Carlsen, Magnus"]
[Result "1/2-1/2"]
[ECO "D80"]
[WhiteElo "2753"]
[BlackElo "2864"]
[Annotator "TA"]
[PlyCount "135"]
[EventDate "2022.05.30"]
[EventType "tourn"]
[EventCountry "NOR"]
[SourceTitle "playchess.com"]
[Source "ChessBase"]
[SourceQuality "1"]
[TimeControl "180+2"]

1. d4 Nf6 2. c4 g6 3. Nc3 d5 4. Bg5 c5 5. Bxf6 exf6 6. cxd5 {[%emt 0:00:07] D80: Grünfeld: Unusual White 4th moves and 4 Bg5.} Qb6 7. e3 cxd4 ({Much less strong is} 7... Qxb2 8. Bb5+ Bd7 9. Bxd7+ (9. Qc1 Qxc1+ 10. Rxc1 cxd4 $11) 9... Nxd7 10. Nge2 $16) 8. Bb5+ {[%emt 0:00:13] [#] White has an edge.} Bd7 $146 {[%emt 0:00:08] [#]} ({Predecessor:} 8... Nd7 9. Qxd4 Qxd4 10. exd4 a6 11. Bxd7+ Bxd7 12. Nf3 Rc8 13. O-O Bb4 14. Ne4 Ke7 {0-1 (37) Zakhartsov,V (2506)-Tari,A (2639) Chess.com INT 2021}) 9. Qxd4 $1 Qxd4 10. exd4 a6 11. Bc4 Bc8 ({Black should try} 11... Bg7 $14) 12. Nf3 Nd7 13. O-O {[%emt 0:00:02] Strongly threatening Rfe1+.} Nb6 (13... Bd6 $14) 14. Rfe1+ Kd8 15. Bb3 {[%emt 0:00:01] White is more active.} Bg4 16. Nd2 Nc8 17. Nde4 Bf5 18. Nxf6 {[%emt 0:00:36] [#] aiming for Re8+.} Nd6 {[%emt 0:00:01] Against Re8+} 19. h3 Bg7 20. Ng4 (20. Nfe4 $14 Nxe4 21. Nxe4 Bxe4 22. Rxe4) 20... Bxd4 $11 21. Rad1 Bxc3 22. bxc3 Bxg4 23. hxg4 h5 24. gxh5 Rxh5 25. c4 {[%emt 0:00:12] Threatens to win with c5.} Rc8 26. Rd4 Kd7 27. Ba4+ Kd8 28. Bb3 Kd7 29. g3 Rhh8 30. Kg2 Rhe8 31. Rxe8 Kxe8 $14 {[%emt 0:00:05][%mdl 4096] Endgame KRB-KRN} 32. Kf3 Ke7 33. Ke2 b6 34. Kd3 Rh8 35. c5 (35. Rf4 $14) 35... bxc5 $11 36. Ra4 Ra8 37. Bc4 a5 38. Bb3 Nc8 39. Re4+ Kd6 40. Rf4 f5 41. g4 Ke5 42. Ke3 Nd6 43. Ra4 {[%emt 0:00:06] Inhibits c4.} g5 44. gxf5 Nxf5+ 45. Kd3 Nd6 {[%emt 0:00:02] Prevents Re4+.} 46. Rg4 Kf5 47. f3 Rf8 (47... Rh8 $15) 48. Bc2 {[%emt 0:00:02] The position is equal.} Kf6 49. f4 gxf4 50. Rxf4+ Ke7 51. Ra4 Rf3+ 52. Ke2 Rh3 53. Rxa5 c4 54. Ra6 Rh5 55. a4 Rxd5 56. Ke3 c3 57. Rc6 {[%emt 0:00:01] Inhibits Nc4+.} Nf5+ 58. Ke4 Ra5 59. Rxc3 Nd6+ 60. Kd4 Kd7 61. Bb3 Nc8 62. Kc4 Na7 63. Kb4 Rg5 64. Bc4 ({Resist} 64. Rd3+ Kc6 $16) 64... Nc6+ 65. Ka3 Rc5 66. Be6+ Kd6 67. Rxc5 Kxc5 68. a5 {[%emt 0:00:02] Weighted Error Value: White=0.09 (flawless) /Black=0.07 (flawless)} 1/2-1/2

[Event "10th Norway Chess Blitz 2022"]
[Site "Stavanger"]
[Date "2022.05.30"]
[Round "1.2"]
[White "Giri, Anish"]
[Black "Topalov, Veselin"]
[Result "1-0"]
[ECO "B67"]
[WhiteElo "2761"]
[BlackElo "2730"]
[Annotator "TA"]
[PlyCount "81"]
[EventDate "2022.05.30"]
[EventType "tourn"]
[EventCountry "NOR"]
[SourceTitle "playchess.com"]
[Source "ChessBase"]
[SourceQuality "1"]
[TimeControl "180+2"]

1. e4 c5 2. Nf3 d6 3. d4 cxd4 4. Nxd4 Nf6 5. Nc3 Nc6 6. Bg5 e6 7. Qd2 a6 8. O-O-O Bd7 {[%emt 0:00:02] 8...Bd7 is better than 8...h6.} 9. Kb1 Nxd4 {[%emt 0:00:26] B67: Sicilian: Richter-Rauzer: 7...a6 8 0-0-0 Bd7, lines without 9 f4 Be7.} 10. Qxd4 h6 11. Bd2 {[%emt 0:00:20] [#]} Be7 $146 {[%emt 0:00:12] The position is equal.} ({Predecessor:} 11... b5 12. f3 Qb8 13. h4 b4 14. Ne2 a5 15. g4 e5 16. Qg1 Be6 17. g5 Nh5 {½-½ (66) Giri,A (2776)-Firouzja,A (2759) chess24.com INT 2021}) 12. f3 b5 13. Bd3 e5 14. Qf2 Be6 15. g4 Nd7 {[%emt 0:00:05] [#]} 16. h4 $1 Rc8 17. Nd5 Nc5 18. Be3 {[%emt 0:00:16] White is more active.} (18. Bf1 $16) 18... Bxd5 $14 19. exd5 Nxd3 20. Rxd3 Qd7 21. Rg1 g5 {[%emt 0:00:04] Inhibits f4.} 22. hxg5 ({White should play} 22. Re1 $16) 22... hxg5 $11 23. Rdd1 Kf8 24. Rh1 Kg7 25. Qd2 f6 26. Qd3 Rce8 27. a3 Bd8 28. Qe4 Qf7 29. a4 Ba5 30. Qd3 (30. axb5 $16 axb5 31. b4) 30... Qd7 (30... bxa4 $11 31. Qxa6 Qc7) 31. Rh5 (31. axb5 $16 Qxb5 32. Qf5 (32. c4 Qb7 $14)) 31... bxa4 $2 ({Resist} 31... e4 32. fxe4 Qxg4 33. Rxh8 Rxh8 34. Rg1 $16) (31... Rxh5 $1 $11 {and Black is okay.} 32. gxh5 Kh8) 32. Rdh1 $18 {[%emt 0:00:08] Intending Rh7+ and mate.} ({Worse is} 32. Qxa6 Rxh5 33. gxh5 Bd8 $11) 32... Rxh5 33. gxh5 (33. Rxh5 $18 {White threatens Qh7+ and mate.} Rh8 34. Rxh8 (34. Qxa6 Rxh5 35. gxh5 Bd8 $11) 34... Kxh8 35. Qxa6) 33... Qf7 34. Qf5 {[%emt 0:00:07] Black must now prevent h6+.} a3 $2 (34... Rh8 $11) 35. b3 $2 ({White must play} 35. h6+ $18 Kh8 {[#]} 36. Bxg5 $1) 35... Rb8 $2 {[%emt 0:00:04][%mdl 8192] [#] A mistake that costs the game.} (35... Rh8 $11) 36. Bxg5 $1 {[%emt 0:00:13][%mdl 576] Promotion. White is clearly winning.} fxg5 (36... Kf8 37. Bh4) 37. h6+ Kf8 38. h7 Rxb3+ 39. Kc1 Qxf5 40. h8=Q+ Ke7 41. Rh7+ {[%emt 0:00:02] Weighted Error Value: White=0.26 (precise) /Black=0.50} 1-0

[Event "10th Norway Chess Blitz 2022"]
[Site "Stavanger"]
[Date "2022.05.30"]
[Round "1.3"]
[White "Wang, Hao"]
[Black "So, Wesley"]
[Result "1-0"]
[ECO "D20"]
[WhiteElo "2744"]
[BlackElo "2766"]
[Annotator "TA"]
[PlyCount "59"]
[EventDate "2022.05.30"]
[EventType "tourn"]
[EventCountry "NOR"]
[SourceTitle "playchess.com"]
[Source "ChessBase"]
[SourceQuality "1"]
[TimeControl "180+2"]

1. d4 d5 2. c4 dxc4 3. e4 b5 4. a4 c6 5. axb5 cxb5 6. Nc3 {[%emt 0:00:02] D20: Queen's Gambit Accepted: 3 e3 and 3 e4.} Qb6 7. Nd5 Qb7 8. Bf4 {[%emt 0:00:01] White is slightly better.} e5 $1 9. Bxe5 {[%emt 0:00:02] Black must now prevent Ne2.} Nd7 {[%emt 0:00:02] [#]} 10. Ne2 $1 $146 {[%emt 0:00:06][%mdl 8] White is much more active. An important novelty.} ({White should try} 10. Bf4 $1 $14) ({Predecessor:} 10. Bf4 Ngf6 11. Nc7+ Kd8 12. Nxa8 Qxe4+ 13. Ne2 Qxa8 14. Qd2 Nd5 15. Nc3 Bb4 16. Be2 {1-0 (65) Aronian,L (2785)-Nakamura,H (2750) Berlin 2022}) 10... Nxe5 $11 11. dxe5 Ne7 12. Nec3 $1 {[%emt 0:00:05][%cal Od5c7] Strongly threatening Nc7+! Pair of Knights!} a6 {[%emt 0:00:26] [#]} 13. Nxb5 $1 {[%emt 0:00:40] Threatening mate with Ndc7+.} Nxd5 (13... axb5 $2 14. Rxa8 Nc6 15. Ra1 $18) 14. Qxd5 $40 {[%emt 0:00:04][%cal Oe1c1][%mdl 128] Hoping for 0-0-0! White is up to no good.} Bb4+ 15. Nc3 Bxc3+ 16. bxc3 Qb2 17. Qa5 (17. Qxa8 $2 Qxa1+ 18. Ke2 Qb2+ 19. Kd1 O-O $19) 17... Be6 18. Qa3 Qb7 19. f3 Qb6 20. Be2 $1 Qe3 21. Rd1 a5 (21... f6 $16 {is a better defense.} 22. Rb1 (22. exf6 gxf6 23. Rb1 Rd8 $16) 22... Rf8) 22. Qd6 $1 $18 {[%emt 0:00:14] White threatens Qc6+ and mate.} Qxc3+ $2 (22... Rc8 23. Qd4 Qf4) 23. Kf2 {[%emt 0:00:02] Intending Qc6+ and mate.} Qb4 24. Qc6+ Ke7 25. Qc7+ Ke8 26. Rd6 Qb8 27. Qc6+ Ke7 {[%emt 0:00:01] [#]} (27... Kf8 $142 28. Rhd1 (28. Bxc4 Qb2+ 29. Kg3 Rc8 $16) 28... h5 29. Bxc4 Rh6 30. Bxe6 fxe6 31. Rxe6 Qb2+ 32. Kg1 Rxe6 33. Qxa8+ Kf7 34. Qxa5 Rxe5) 28. Rhd1 $2 {[%emt 0:00:03] [#]} (28. Bxc4 Qb2+ 29. Ke3 (29. Be2 Rhc8 $15) 29... Rhc8 30. Rxe6+ Kf8 $16) (28. Qc5 $1 $18 {[%cal Od6e6] White wants to mate with Rxe6+!} Ke8 29. Rhd1) 28... Rc8 $2 (28... Qa7+ $1 $17 {and life is bright.} 29. Kf1 Rhc8) 29. Rxe6+ $1 fxe6 (29... Kf8 $18 30. Qd6+ Qxd6 31. Rexd6 a4) 30. Rd7+ {[%emt 0:00:03][%mdl 64] Deflection.  Weighted Error Value: White=0.27 (precise) /Black=0.75} 1-0

[Event "10th Norway Chess Blitz 2022"]
[Site "Stavanger"]
[Date "2022.05.30"]
[Round "1.5"]
[White "Mamedyarov, Shakhriyar"]
[Black "Vachier-Lagrave, Maxime"]
[Result "1-0"]
[ECO "D27"]
[WhiteElo "2770"]
[BlackElo "2750"]
[Annotator "TA"]
[PlyCount "63"]
[EventDate "2022.05.30"]
[EventType "tourn"]
[EventCountry "NOR"]
[SourceTitle "playchess.com"]
[Source "ChessBase"]
[SourceQuality "1"]
[TimeControl "180+2"]

1. d4 d5 2. c4 dxc4 3. Nf3 Nf6 4. e3 e6 5. Bxc4 a6 6. O-O c5 7. b3 cxd4 8. Nxd4 Be7 {[%emt 0:00:02] D27: Queen's Gambit Accepted: Classical main line: 7 e4!? and 7 a4.} 9. Be2 O-O 10. Bb2 b5 {[%emt 0:00:06] White has an edge.} 11. Nd2 Bb7 12. a4 $1 {[%emt 0:00:01][%mdl 4] is more profitable than 12.Rc1 at the moment.} bxa4 (12... Qd5 13. Bf3 Qd7 14. axb5 $16) 13. Rxa4 Nbd7 14. Qa1 {[%emt 0:00:01][%cal Re2a6] [#]} Nc5 $146 ({Predecessor:} 14... Nb6 15. Ra2 Bb4 16. N2f3 a5 17. Nc2 Bd5 18. Nxb4 axb4 19. Rxa8 Nxa8 20. Bd4 Bxb3 {1-0 (53) Wagh,S (2210)-Dev,S (2248) Paracin 2022}) 15. Ra5 Qb6 16. Nc4 Qc7 17. Rc1 Bd5 18. b4 Ncd7 19. e4 (19. Rxa6 $6 Bxb4 20. Rxa8 Rxa8 $11) 19... Nxe4 {[%emt 0:00:48] [#]} 20. Nf5 $1 exf5 $11 (20... Bxb4 21. Rxd5 $1 (21. Bxg7 f6 $16) 21... Qf4 22. Bxg7 $1 (22. Rxd7 Qxf2+ 23. Kh1 Qxe2 $14) 22... Qxf2+ 23. Kh1 exf5 24. Bf3 $16 (24. Rxd7 Qxe2 25. Bxf8 Bxf8 $17)) (20... Bf6 21. Nce3) 21. Rxd5 Qf4 22. Bf3 {[%emt 0:00:41] A strong pair of Bishops.} ({Reject} 22. Rxd7 Qxf2+ 23. Kh1 Qxe2 24. Rxe7 (24. Bxg7 $2 Bg5 $19) 24... Nf2+ 25. Kg1 Qxe7 $17) 22... Ndf6 23. Ne3 Nxd5 (23... Nxf2 $5 24. Kxf2 (24. Rxf5 $2 Qxe3 25. Bd4 Qd3 $19) 24... Ng4+ 25. Nxg4 fxg4 $11) 24. Nxd5 Qd6 25. Rd1 Rfd8 {[%emt 0:00:09] Threatens to win with ...Qe6.} 26. Bxg7 $2 {[%emt 0:00:02] [#]} (26. g4 $1 $11 Bg5 27. Nf6+ gxf6 28. Rxd6 Rxd6 29. b5) 26... f6 (26... Qe6 $1 $17 27. Nxe7+ Qxe7) 27. Bh6 $1 {[%emt 0:00:18] Chess con chili.} Qe6 $2 {[%emt 0:00:04][%mdl 8192] A mistake that costs the game.} (27... Bf8 $15 {stays ahead.} 28. Be3 Qc6) 28. Nc7 $1 $18 Qb6 $2 (28... Rxd1+ $2 29. Qxd1 Qd6 30. Nxa8 $18) (28... Qe5 {was worth a try.} 29. Qa2+ (29. Nxa8 Qxa1 30. Rxa1 Rxa8 $18) 29... Kh8 30. Nxa8 Rxa8) 29. Bxe4 fxe4 30. Nxa8 Rxa8 (30... Qxb4 $18 31. Rxd8+ Bxd8) 31. Qa2+ ({Weaker is} 31. Rd7 Qe6 32. Qd4 Kf7 $16) 31... Kh8 32. Qf7 {[%emt 0:00:01] Weighted Error Value: White=0.09 (flawless) /Black=0.80} 1-0

[Event "10th Norway Chess Blitz 2022"]
[Site "Stavanger"]
[Date "2022.05.30"]
[Round "2.1"]
[White "Carlsen, Magnus"]
[Black "Vachier-Lagrave, Maxime"]
[Result "1-0"]
[ECO "A20"]
[WhiteElo "2864"]
[BlackElo "2750"]
[Annotator "TA"]
[PlyCount "99"]
[EventDate "2022.05.30"]
[EventType "tourn"]
[EventCountry "NOR"]
[SourceTitle "playchess.com"]
[Source "ChessBase"]
[SourceQuality "1"]
[TimeControl "180+2"]

1. c4 e5 2. g3 c6 3. d4 e4 4. d5 Nf6 5. d6 g6 6. Nc3 {[%emt 0:00:08] A20: English Opening: 1...e5.} Bg7 7. Bg2 O-O 8. Nxe4 {[%emt 0:00:10] White has an edge.} Nxe4 9. Bxe4 Re8 10. Bg2 Qa5+ 11. Bd2 Qc5 12. Bc3 {[%emt 0:00:01] [#]} Bxc3+ $146 ({Predecessor:} 12... Qxc4 13. Bxg7 Kxg7 14. Nf3 Na6 15. O-O b5 16. Rc1 Qg4 17. h3 Qe6 18. Ng5 Qe5 {1-0 (64) Pinheiro,I (2320)-Bommini,M (2108) Chess.com INT 2022}) 13. bxc3 Qxc4 14. Qd2 b6 15. h4 h5 16. Nh3 $2 {[%emt 0:00:07] [#]} (16. Bf3 $11) 16... Na6 $2 (16... Rxe2+ $1 $19 17. Qxe2 Qxc3+ 18. Qd2 Qxa1+ 19. Qd1 Qc3+ 20. Qd2 Qa1+ 21. Qd1 Qe5+ 22. Kf1 Bb7) 17. O-O $11 Nc5 {[%emt 0:00:02] Against e4} (17... Qxe2 18. Qh6 Re5 19. Rae1 Qxe1 20. Rxe1 Rxe1+ 21. Bf1 Re5 22. Bc4) 18. Rfe1 (18. Qh6 Qxc3 19. Rac1 (19. Ng5 Qg7 $17) 19... Qb2 $17) 18... Ba6 19. Bf3 Ne4 20. Bxe4 (20. Qh6 $5 Qe6 21. Bxe4 Qxh3 22. Bxg6 fxg6 23. Qxg6+ Kf8 24. Qh6+ (24. Qxh5 Qe6 $11) 24... Kg8 25. Qg5+ Kf8 26. Qxh5 $11) 20... Rxe4 (20... Qxe4 $15 21. a4 Qg4) 21. Qh6 $16 {[%emt 0:00:02] [#] Intending Ng5 and mate.} Re5 (21... Rxe2 22. Ng5 Rxe1+ 23. Rxe1) 22. Ng5 Rxg5 23. Qxg5 (23. hxg5 Qxc3 24. Rac1 Qa3 $17) 23... Re8 {[%emt 0:00:01] Prevents Qe7.} 24. Qd2 c5 25. f3 Bb7 26. Kf2 Re6 27. a4 Bc6 28. a5 b5 29. a6 Re5 (29... b4 $2 30. cxb4 cxb4 31. Rac1 Qxa6 32. Qxb4) 30. e4 Qe6 31. Rad1 Kg7 32. Qf4 f6 33. g4 g5 (33... hxg4 $16 34. Qxg4 Qxg4 35. fxg4 Bxe4) 34. Qg3 $2 ({Only move:} 34. hxg5 $18 {[%cal Od1d5] aiming for Rd5!} fxg5 35. Qe3) 34... hxg4 35. hxg5 (35. Qxg4 $14 Qxg4 36. fxg4) 35... Rxg5 $11 36. f4 Rh5 {[%emt 0:00:01] ...Rh3 is the strong threat.} 37. f5 $36 {[%emt 0:00:02][%mdl 2048] White has good play. Really sharp!} Qf7 {[%emt 0:00:05][%mdl 8192] This costs Black the game.} (37... Qb3 $11 {and Black is okay.} 38. Qxg4+ Rg5) 38. Qxg4+ $18 Kf8 $2 (38... Rg5 39. Qf4 (39. Qe2 Kf8 $16) 39... Qa2+ 40. Qd2 Qf7) 39. Rh1 Qa2+ 40. Qe2 Qxe2+ 41. Kxe2 Rxh1 42. Rxh1 {[%emt 0:00:01] And now Rh8+ would win.} Bxe4 {[%emt 0:00:01][%mdl 4096] Endgame KR-KB} 43. Rh8+ Kf7 44. Ke3 (44. Rh7+ $142 Kf8 45. Rxd7) 44... Bc6 45. Rc8 b4 46. cxb4 cxb4 47. Rc7 b3 48. Kd2 ({Not} 48. Rxa7 $2 b2 49. Rc7 b1=Q $19) 48... Be4 49. Rxd7+ Ke8 50. Re7+ {[%emt 0:00:02] Weighted Error Value: White=0.29 (precise) /Black=0.63} 1-0

[Event "10th Norway Chess Blitz 2022"]
[Site "Stavanger"]
[Date "2022.05.30"]
[Round "2.2"]
[White "Tari, Aryan"]
[Black "Mamedyarov, Shakhriyar"]
[Result "1-0"]
[ECO "B06"]
[WhiteElo "2654"]
[BlackElo "2770"]
[Annotator "TA"]
[PlyCount "51"]
[EventDate "2022.05.30"]
[EventType "tourn"]
[EventCountry "NOR"]
[SourceTitle "playchess.com"]
[Source "ChessBase"]
[SourceQuality "1"]
[TimeControl "180+2"]

1. e4 e5 2. Nf3 d6 3. d4 exd4 4. Nxd4 Nf6 5. Nc3 g6 6. g3 Bg7 7. Bg2 O-O 8. O-O Re8 9. h3 Nc6 {[%emt 0:00:12] Threatens to win with ...Nxd4. B06: Modern Defence.} 10. Nde2 Rb8 11. a4 a6 {[%emt 0:00:01] The position is equal.} 12. f4 Bd7 13. a5 {[%emt 0:00:04] [#]} h5 $146 ({Predecessor:} 13... Na7 14. Re1 Nb5 15. Nxb5 axb5 16. Nc3 h5 17. e5 dxe5 18. fxe5 Nh7 19. Bf4 Qc8 {0-1 (44) Bernardi,R (2140)-Marholev,D (2366) Bratto 2008}) 14. f5 gxf5 {[%emt 0:00:11] [#]} (14... Qe7 $14) 15. Bg5 $1 $16 Qc8 (15... fxe4 16. Nd5 (16. Nxe4 Rxe4 17. Bxe4 Bxh3 $14) 16... Re6 {[#]} 17. Bxe4 $1 Nxd5 18. Bxd8 $16) 16. Bxf6 ({Don't take} 16. exf5 Re5 $14) 16... Bxf6 17. Nf4 Bxc3 18. bxc3 Re5 ({Black should try} 18... fxe4 $14 19. Nxh5 Re5) 19. Nxh5 {[%emt 0:00:34] White is more active.} (19. Nd3 $16) 19... Qd8 $2 {[%emt 0:00:03] Black cannot hold the game after this.} (19... fxe4 $14 20. Nf6+ Kf8) 20. Qd2 Kh7 {[%emt 0:00:44] Prevents Qh6+.} (20... f4 {might work better.}) 21. exf5 $18 {[%emt 0:00:15] Strongly threatening Ra4.} f6 (21... Qe7 $142 22. Ra4 Re2 23. Nf6+ Qxf6 24. Qxe2 Kg7) 22. Ra4 {[%emt 0:00:07] Rh4 would kill now.} Qe7 23. Rh4 {[%emt 0:00:05] White mates.} Bxf5 24. Nxf6+ Kg7 25. Qg5+ Kf7 26. Rxf5 {[%emt 0:00:08] Weighted Error Value: White=0.08 (flawless) /Black=0.72} 1-0

[Event "10th Norway Chess Blitz 2022"]
[Site "Stavanger"]
[Date "2022.05.30"]
[Round "2.3"]
[White "So, Wesley"]
[Black "Anand, Viswanathan"]
[Result "1/2-1/2"]
[ECO "C54"]
[WhiteElo "2766"]
[BlackElo "2751"]
[Annotator "TA"]
[PlyCount "82"]
[EventDate "2022.05.30"]
[EventType "tourn"]
[EventCountry "NOR"]
[SourceTitle "playchess.com"]
[Source "ChessBase"]
[SourceQuality "1"]
[TimeControl "180+2"]

1. e4 e5 2. Nf3 Nc6 3. Bc4 Bc5 4. c3 Nf6 5. d3 O-O 6. Bg5 Be7 {[%emt 0:00:04] C54: Giuoco Piano: 4 c3 Nf6, main lines with 5 d4 and 5 d3.} 7. Nbd2 d6 8. a4 h6 9. Bh4 Nh5 10. Bg3 g6 {[%emt 0:00:01] [#]} 11. b4 $146 ({Predecessor:} 11. h3 Nxg3 12. fxg3 Kg7 13. O-O f5 14. Qe2 Bf6 15. Rf2 Qe7 16. Raf1 Be6 17. Nh2 {½-½ (47) Harikrishna,P (2733)-Inarkiev,E (2693) Germany 2018}) 11... Bf6 12. O-O Qe7 13. Re1 Nd8 14. d4 Nxg3 15. hxg3 Bg4 16. Be2 (16. d5 $14) 16... Bxf3 17. Nxf3 Ne6 18. b5 c6 19. Rb1 cxb5 20. Rxb5 Rac8 {[%emt 0:00:01] Inhibits Bc4.} 21. Qd2 Ng5 22. Nxg5 Bxg5 23. Qd3 Rc7 24. a5 Rfc8 25. Rb3 h5 26. Reb1 exd4 27. cxd4 Rc1+ 28. Bf1 Rxb1 29. Qxb1 Rc1 30. Qd3 Qc7 31. f4 Bf6 32. e5 dxe5 33. dxe5 Be7 {[%emt 0:00:03] [#] Threatens to win with ...Qc5+.} 34. Kh2 Kg7 (34... h4 $5 35. Qb5 hxg3+ 36. Rxg3 Bf8 $15) 35. Qf3 (35. Rb1 $11) 35... b6 (35... Qxa5 $5 36. Qxb7 (36. Rb5 $2 Qa1 $19) 36... Bc5 $15) 36. axb6 axb6 37. Qd3 Re1 {[%emt 0:00:07] [#] ...Qc1 is the strong threat.} (37... Bc5 $5 ) 38. Rb1 {[%emt 0:00:01] Prevents Qc1. The position is equal.} Rxb1 39. Qxb1 Qc5 40. Qe4 Qf2 {[%emt 0:00:06] ( -> ...Bc5)} 41. Qe2 Qxe2 {[%emt 0:00:02] A balanced but interesting game.  Weighted Error Value: White=0.07 (flawless) /Black=0.07 (flawless)} 1/2-1/2

[Event "10th Norway Chess Blitz 2022"]
[Site "Stavanger"]
[Date "2022.05.30"]
[Round "2.4"]
[White "Topalov, Veselin"]
[Black "Wang, Hao"]
[Result "1-0"]
[ECO "E60"]
[WhiteElo "2730"]
[BlackElo "2744"]
[Annotator "TA"]
[PlyCount "75"]
[EventDate "2022.05.30"]
[EventType "tourn"]
[EventCountry "NOR"]
[SourceTitle "playchess.com"]
[Source "ChessBase"]
[SourceQuality "1"]
[TimeControl "180+2"]

1. c4 e5 2. b3 Nc6 3. Bb2 Nf6 4. e3 g6 5. Nf3 d6 6. d4 Bg7 7. dxe5 Ng4 8. Nc3 Ngxe5 9. Be2 O-O 10. O-O Re8 {[%emt 0:00:16] E60: King's Indian: Unusual lines and Fianchetto Variation without Nc3.} 11. Qd2 Nxf3+ 12. Bxf3 Ne5 {[%emt 0:00:02] White is slightly better.} 13. Be2 Be6 14. Rad1 (14. f4 $5 Nd7 15. e4 $14) 14... Nd7 15. Nd5 Bxb2 16. Qxb2 {[%emt 0:00:01] [#]} a5 $146 ({Predecessor:} 16... Bxd5 17. Rxd5 Qf6 18. Qc2 b6 19. Rfd1 a5 20. R5d4 Ne5 21. Rf4 Qe7 22. a3 f5 23. Qd2 Kh8 {½-½ (47) Laenen,D-Mora,E (2217) ICCF email 2009}) 17. a3 Bxd5 18. cxd5 Qf6 19. Qc2 Nc5 20. Rd4 Re7 21. Bb5 Qe5 22. b4 axb4 23. axb4 Na6 (23... Ne6 $11 24. dxe6 Qxb5) 24. h3 (24. Bd3 $16) 24... Kg7 (24... c5 $11 {keeps the balance.} 25. bxc5 Nxc5) 25. Ra1 $2 {[%emt 0:00:07][%mdl 8192] [#]} (25. Bd3 $16) 25... h5 $2 (25... Nxb4 $1 $19 26. Rxb4 Rxa1+ 27. Bf1 Qxd5 28. Qc3+ Qe5) 26. Qc4 $16 {[%emt 0:00:18] White is more active.} Qf6 27. Bxa6 bxa6 28. Rxa6 (28. Ra5 {keeps more tension.} Qf5 29. Qc3 Kg8 30. Rc4) 28... Rxa6 29. Qxa6 {[%emt 0:00:01][%mdl 4096] Endgame KQR-KQR} Re5 30. Qc4 Rf5 (30... Re7 $16 31. Qc2 Qg5) 31. f4 $18 {[%emt 0:00:05] [#] And now g4 would win.} ({Not} 31. Qxc7 Rxf2 32. Qc1 (32. Rf4 Rxf4 33. exf4 Qd4+ 34. Kh1 Qxb4 $17) 32... Ra2 $11) 31... Qe7 32. Qc3 {[%emt 0:00:01] aiming for g4.} Kh7 $2 (32... h4 33. Rd1+ Kh7) 33. b5 {[%emt 0:00:09][%cal Bb4b5,Bb5b6][%mdl 32] Hoping for g4.} h4 (33... Qe8 $142 34. g4 Rf6) 34. Rc4 Rxd5 35. Rxc7 Qe6 36. b6 {[%emt 0:00:02] White wants to mate with b7.} Rd1+ 37. Kh2 Rb1 38. Rc8 {[%emt 0:00:01] Quite a comeback for White.  Weighted Error Value: White=0.55/Black=0.87} 1-0

[Event "10th Norway Chess Blitz 2022"]
[Site "Stavanger"]
[Date "2022.05.30"]
[Round "2.5"]
[White "Radjabov, Teimour"]
[Black "Giri, Anish"]
[Result "1-0"]
[ECO "D00"]
[WhiteElo "2753"]
[BlackElo "2761"]
[Annotator "TA"]
[PlyCount "71"]
[EventDate "2022.05.30"]
[EventType "tourn"]
[EventCountry "NOR"]
[SourceTitle "playchess.com"]
[Source "ChessBase"]
[SourceQuality "1"]
[TimeControl "180+2"]

1. Nf3 Nf6 2. d4 g6 3. Nc3 d5 4. Bf4 Bg7 5. e3 O-O 6. b4 {[%emt 0:00:01] [#] D00: 1 d4 d5: Unusual lines.} (6. Be2 $11) 6... a5 $146 ({Predecessor:} 6... Nh5 7. Bg3 b6 8. Rb1 Bb7 9. Bd3 Nd7 10. Ne2 e5 11. Bxe5 Bxe5 12. dxe5 Qe7 13. Ned4 Nxe5 14. Nxe5 Qxe5 {½-½ (32) Pereyra Puebla,M-Preo,N ICCF corr 1973}) 7. b5 a4 8. Bd3 {[%emt 0:00:06] The position is equal.} Nbd7 9. h3 Nb6 10. O-O Bd7 11. Rb1 Qc8 12. Bh2 Re8 13. Ne5 Bf5 14. Qf3 Qe6 15. g4 Bxd3 16. cxd3 Nfd7 17. Nxd7 Qxd7 18. Rfc1 Rec8 19. Kg2 c5 20. bxc6 $1 Rxc6 21. Rxb6 Rxb6 $11 22. Nxd5 Re6 (22... Rb5 $1 $11 23. Rc5 Rxc5 24. dxc5 Rd8) 23. Rc7 $18 Qd8 24. Rxb7 {[%emt 0:00:01][%cal Od5e7] [#] Black must now prevent Nxe7+!} Rc8 25. g5 Bf8 26. Nc7 Rd6 27. Bxd6 exd6 {[%emt 0:00:05] [#]} 28. Ne6 Qe8 29. Nf4 Be7 (29... Qd8 $142 30. h4 Rc7) 30. h4 Bd8 31. Nd5 Qe6 32. Ra7 h6 33. Nf4 Qxa2 34. d5 (34. Nd5 $142 Qxd5 35. Qxd5 Rc7 36. Rxc7 Bxc7 37. Qa8+ Kg7 38. gxh6+ Kf6 39. h7) 34... Bc7 35. gxh6 {[%emt 0:00:05] Qg4 would kill now.} Qb3 36. h5 {[%emt 0:00:20] Weighted Error Value: White=0.08 (flawless) /Black=0.76} 1-0